 Dungeon Crawl Stone Soup version 0.27-a0-1525-g1038ab4fd7 (webtiles) character file.

Game seed: 2172103433300164621

230 Gwenloh the Cudgeller (level 6, 0/47 HPs)
             Began as a Barachi Warper on July 10, 2021.
             Succumbed to a water moccasin's poison
             ... on level 4 of the Dungeon.
             The game lasted 00:13:25 (5198 turns).

Gwenloh the Cudgeller (Barachi Warper)              Turns: 5198, Time: 00:13:25

Health: 0/47       AC:  3    Str: 12    XL:     6   Next: 3%
Magic:  7/9        EV: 12    Int: 14    God:
Gold:   125        SH:  0    Dex: 13    Spells: 6/9 levels left

rFire    . . .     SeeInvis .   a - +0 flail
rCold    . . .     Faith    .   (no shield)
rNeg     . . .     Spirit   .   h - +0 leather armour
rPois    .         Reflect  .   (no helmet)
rElec    .         Harm     .   (no cloak)
rCorr    .         Rampage  .   (no gloves)
Will     .....                  (no boots)
Stlth    +.........             (no amulet)
HPRegen  0.15/turn              (no ring)
MPRegen  0.11/turn              (no ring)

@: lethally poisoned (0 -> -37), slow
A: amphibious, slowness 1, strong legs 1, +LOS
a: Hop


You were on level 4 of the Dungeon.
You visited 1 branch of the dungeon, and saw 4 of its levels.

You collected 125 gold pieces.

Inventory:

Hand Weapons
 a - a +0 flail (weapon)
 b - a +0 hunting sling
 r - a +0 mace
Missiles
 d - 2 boomerangs of dispersal
 j - 8 sling bullets
 l - 13 poisoned darts (quivered)
Armour
 h - a +0 leather armour (worn)
Scrolls
 c - a scroll of blinking
 e - 2 scrolls of identify {unknown}
 f - a scroll of summoning {unknown}
 i - a scroll of immolation {unknown}
 m - a scroll of amnesia {unknown}
 n - a scroll of enchant armour {unknown}
 o - 2 scrolls of magic mapping {unknown}
Potions
 g - a potion of curing {unknown}
 p - 2 potions of brilliance {unknown}
 q - a potion of heal wounds


   Skills:
 + Level 3.3 Fighting
 - Level 5.0 Maces & Flails
 - Level 1.0 Throwing
 + Level 2.6 Armour
 + Level 3.1 Dodging
 - Level 2.1 Spellcasting
 + Level 3.9 Translocations


You had 6 spell levels left.
You knew the following spells:

 Your Spells              Type           Power      Damage    Failure   Level
a - Blink                 Tloc           N/A        N/A       9%          2
b - Apportation           Tloc           24%        N/A       6%          1

Your spell library contained the following spells:

 Spells                   Type           Power      Damage    Failure   Level
 Gell's Gravitas          Tloc           6%         N/A       17%         3
 Lesser Beckoning         Tloc           6%         N/A       17%         3
 Teleport Other           Tloc           12%        N/A       17%         3
 Animate Skeleton         Necr           2%         N/A       30%         1
 Corona                   Hex            1%         N/A       30%         1
 Summon Small Mammal      Summ           4%         N/A       30%         1
 Frozen Ramparts          Ice            2%         1d2       65%         3
 Manifold Assault         Tloc           12%        N/A       85%         5
 Ice Form                 Ice/Tmut       1%         N/A       96%         4
 Summon Ice Beast         Ice/Summ       1%         N/A       96%         4


Dungeon Overview and Level Annotations

Branches:
Dungeon (4/15)             Temple (0/1) D:4

Altars:

Annotations:
D:3 3 runed translucent doors, RogueFanUK's ghost, amateur DgCj


Innate Abilities, Weirdness & Mutations

You are amphibious.
You cover ground slowly.
You can hop short distances.
You have an extended range of vision and can be seen from far away.


Message History

The water moccasin is almost dead.
The water moccasin bites you.
* * * LOW HITPOINT WARNING * * *
You are poisoned.
The water moccasin poisons you!
You barely miss the water moccasin.
The water moccasin is almost dead.
* * * LOW HITPOINT WARNING * * *
You feel very sick. The water moccasin bites you.
* * * LOW HITPOINT WARNING * * *
The water moccasin closely misses you.
Casting: Blink (safe; 9% risk of failure)
Confirm with . or Enter, or press ? or * to list all spells.
You blink.
A kobold and a skeleton come into view.
* * * LOW HITPOINT WARNING * * *
You feel sick. The water moccasin bites you.
* * * LOW HITPOINT WARNING * * *
You are more poisoned.
The water moccasin poisons you!
It was a potion of heal wounds.
You feel much better.
You feel very sick.
The water moccasin bites you but does no damage.
The water moccasin bites you.
You are lethally poisoned!
The water moccasin poisons you!
Okay, then.
You hit the water moccasin.
The water moccasin is almost dead.
* * * LOW HITPOINT WARNING * * *
You feel extremely sick.
The kobold shouts!
The water moccasin bites you.
* * * LOW HITPOINT WARNING * * *
You are more poisoned.
The water moccasin poisons you!
You completely miss the water moccasin.
The water moccasin is almost dead.
You die...

... .. ...⌠ ### #..
.... .. ..Z. .>...
###.##.... .....
#......... ..⌠..##
#K........
.......###.........
#...S.!(..)(##
##.##@........
#.########(## #.#
#.####.#########
#...............
######.#########
#<# ###


You could see a water moccasin, a kobold and a hound skeleton (wandering).

Vanquished Creatures
  A hound (D:3)
  2 orc priests
  A hound skeleton (D:3)
  4 adders
  4 worms
  11 orcs
  9 bats
  2 endoplasms
  4 giant cockroaches
  7 hobgoblins
  7 kobolds
  3 quokkas
  6 ball pythons
  2 frilled lizards (D:2)
  4 goblins
  7 rats
74 creatures vanquished.

Notes
Turn   | Place    | Note
-------+----------+-------------------------------------------
     0 | D:1      | Gwenloh the Barachi Warper began the quest for the Orb.
     0 | D:1      | Reached XP level 1. HP: 17/17 MP: 3/3
   334 | D:1      | Reached XP level 2. HP: 23/23 MP: 5/5
   345 | D:1      | Reached skill level 3 in Maces & Flails
   941 | D:2      | Learned a level 2 spell: Blink
   943 | D:2      | Learned a level 1 spell: Apportation
  1022 | D:1      | Reached XP level 3. HP: 11/28 MP: 6/6
  1415 | D:2      | Reached skill level 4 in Maces & Flails
  2242 | D:2      | Reached XP level 4. HP: 34/34 MP: 7/7
  3301 | D:2      | Reached skill level 5 in Maces & Flails
  3301 | D:2      | Reached XP level 5. HP: 13/39 MP: 8/8
  3924 | D:3      | Found a runed translucent gate.
  3924 | D:3      | Found a runed translucent gate.
  3934 | D:3      | Found a runed translucent gate.
  4598 | D:3      | Reached XP level 6. HP: 47/47 MP: 9/9
  4785 | D:3      | Found a faded altar of an unknown god.
  4813 | D:3      | Noticed RogueFanUK's ghost (amateur DgCj)
  5173 | D:4      | Found a staircase to the Ecumenical Temple.
  5174 | D:4      | Noticed a water moccasin
  5195 | D:4      | HP: 2/47 [water moccasin (2)]
  5198 | D:4      | Succumbed to a water moccasin's poison

Illustrated notes

Levels and vault maps discovered:
D:1:      saegor_arrival_simple_b, layout_loops_cross
D:2:      layout_basic
D:3:      layout_loops_ring, dreamdust_ecumenical_altar_statues,
          cheibrodos_sewer_entry_bend, gammafunk_ghost_icy
D:4:      minmay_wonky_spiral, layout_basic, lemuel_crystal_altar,
          minmay_temple_entry_large_hall, hangedman_abyss_or_decor_lesser_grid

Skill      XL: |  1  2  3  4  5 |
---------------+----------------+-----
Maces & Flails | 3 4 5 |  5.0
Fighting       | 3 |  3.3
Armour         | 2 |  2.6
Dodging        | 3 |  3.1
Throwing       | |  1.0
Spellcasting   | |  2.1
Translocations | |  3.9

Action                   |  1- 3 |  4- 6 || total
-------------------------+-------+-------++-------
Melee: Mace              |   118 |    80 ||   198
       Flail             |       |    23 ||    23
 Fire: Hunting sling     |     2 |   102 ||   104
Throw: Stone             |    16 |       ||    16
       Boomerang         |     3 |       ||     3
       Dart              |       |     3 ||     3
 Cast: Apportation       |     1 |       ||     1
       Blink             |     2 |     4 ||     6
 Abil: Hop               |     1 |     2 ||     3
  Use: Potion            |       |     1 ||     1
Armor: Leather armour    |    37 |    29 ||    66
Dodge: Dodged            |    78 |    73 ||   151

Table legend: (Time is in decaauts)
 A = Elapsed time spent in this place.
 B = Non-inter-level travel time spent in this place.
 C = Inter-level travel time spent in this place.
 D = Time resting spent in this place.
 E = Time spent auto-exploring this place.
 F = Levels seen in this place.
 G = Mean time per level.
                   A        B        C        D        E       F      G
               +--------+--------+--------+--------+--------+-----+--------+
         Total |   5712 |   5340 |    372 |   1415 |   2993 |   4 | 1428.0 |
       Dungeon |   5712 |   5340 |    372 |   1415 |   2993 |   4 | 1428.0 |
               +--------+--------+--------+--------+--------+-----+--------+

Top non-repeatable levels by time:
     D:2: 2282 daAuts
     D:3: 1795 daAuts
     D:1: 1597 daAuts
     D:4: 36 daAuts
